 Dungeon Crawl Stone Soup version 0.30-a0-462-gd5975efbca (webtiles) character file.

Game seed: 18235772378085393172

7191 NinjaNoafa the Fighter (level 11, -14/84 HPs)
             Began as a Djinni Fire Elementalist on Dec 16, 2022.
             Was a Priest of Makhleb.
             Demolished by a white ugly thing (48 damage)
             ... on level 8 of the Dungeon.
             The game lasted 00:17:46 (10148 turns).

NinjaNoafa the Fighter (Djinni Fire Elementalist)  Turns: 10148, Time: 00:17:46

Health: -14/84     AC: 11    Str:  7    XL:     11   Next: 32%
Gold:   350        EV: 16    Int: 20    God:    Makhleb [***...] SH: 12 Dex: 19

rFire   + + .      SeeInvis .    f - staff of earth
rCold   x . .      Faith    +    M - +0 kite shield
rNeg    . . .      Spirit   .    v - +0 steam dragon scales
rPois   ∞          Reflect  .    q - +1 hat of Love and Death {Dex+4}
rElec   .          Harm     .    H - scarf {repulsion}
rCorr   .          Rampage  .    e - +0 pair of gloves
Will    +....                    (boots unavailable)
Stlth   ++........               S - amulet of faith
HPRegen 0.34/turn                R - +4 ring of protection
MPRegen 0.00/turn                J - +4 ring of evasion

@: flying, repel missiles
A: sickness immunity, fire resistance 2, cold vulnerability 1, float, innate
caster, HP casting, extra vitality 1
a: Renounce Religion, Minor Destruction, Lesser Servant of Makhleb


You were on level 8 of the Dungeon.
You worshipped Makhleb.
Makhleb was most pleased with you.
You visited 2 branches of the dungeon, and saw 9 of its levels.

You collected 350 gold pieces.

Inventory:

Missiles
 c - 77 stones
 C - 4 boomerangs
 K - 2 javelins
 P - 6 poisoned darts
 Q - 2 curare-tipped darts
Armour
 e - a +0 pair of gloves (worn)
 q - the +1 hat of Love and Death (worn) {Dex+4}
   (You found it on level 3 of the Dungeon)

   Dex:       It affects your dexterity (+4).
 v - +0 steam dragon scales (worn)
 H - a scarf of repulsion (worn)
 M - a +0 kite shield (worn)
Magical Staves
 f - a staff of earth (weapon)
Jewellery
 x - a ring of resist corrosion
 F - a +6 ring of dexterity
 J - a +4 ring of evasion (right hand)
 O - a ring of protection from fire
 R - a +4 ring of protection (left hand)
 S - an amulet of faith (around neck)
Wands
 y - a wand of mindburst (7)
 I - a wand of flame (21)
Scrolls
 a - a scroll of vulnerability {unknown}
 b - 8 scrolls of identify {unknown}
 g - a scroll of brand weapon {unknown}
 h - 2 scrolls of silence {unknown}
 k - 3 scrolls of blinking {unknown}
 n - a scroll of immolation {unknown}
 r - 2 scrolls of fear {unknown}
 w - 7 scrolls of teleportation {unknown}
 D - a scroll of poison {unknown}
 E - 2 scrolls of fog {unknown}
 G - a scroll of enchant weapon {unknown}
 L - a scroll of noise {unknown}
 N - 5 scrolls of amnesia {unknown}
 T - 2 scrolls of magic mapping {unknown}
Potions
 d - a potion of flight {unknown}
 i - 5 potions of lignification {unknown}
 j - a potion of ambrosia {unknown}
 l - a potion of degeneration {unknown}
 m - 2 potions of might {unknown}
 o - a potion of magic {unknown}
 p - 5 potions of heal wounds {unknown}
 s - 2 potions of curing {unknown}
 t - 3 potions of brilliance {unknown}
 u - a potion of berserk rage {unknown}
 z - 2 potions of cancellation {unknown}
 A - 2 potions of haste
 B - 2 potions of attraction {unknown}


   Skills:
 - Level 9.0 Fighting
 - Level 3.0 Dodging
 - Level 1.5 Stealth
 + Level 8.5 Shields
 - Level 7.0 Spellcasting
 - Level 5.0 Invocations
 - Level 5.0 Evocations


You couldn't memorise any spells.
You knew the following spells:

 Your Spells              Type           Power      Damage    Failure   Level
a - Foxfire               Conj/Fire      100%       2x1d9     1%          1
b - Scorch                Fire           70%        2d9       1%          2
c - Kindle Blastsparks    Fire/Tloc/Air  70%        2d15      3%          3
d - Inner Flame           Hex/Fire       35%        N/A       3%          3
e - Flame Wave            Conj/Fire      35%        2d10      13%         4
f - Kiss of Death         Conj/Necr      100%       2d13      1%          1
g - Manifold Assault      Tloc           35%        N/A       13%         4
h - Gell's Gravitas       Tloc           35%        N/A       3%          3
i - Animate Dead          Necr           35%        N/A       13%         4
j - Passwall              Tmut/Erth      42%        N/A       1%          2
Your spell library was empty.

Dungeon Overview and Level Annotations

Branches:
Dungeon (8/15)             Temple (1/1) D:4
   Lair: D:8-11

Altars:
Ashenzari
Cheibriados
Dithmenos
Elyvilon
Fedhas
Gozag
Hepliaklqana
Makhleb
Nemelex Xobeh
Okawaru
Qazlal
Ru
Trog
Wu Jian
Xom
Yredelemnul
Zin
The Shining One

Shops:
D:1 =   D:6 :

Annotations:
D:8 1 runed translucent door, Hellmel's ghost, novice DsGl


Innate Abilities, Weirdness & Mutations

You are immune to sickness and miasma.
You are immune to poison.
Your flesh is very heat resistant. (rF++)
You are vulnerable to cold. (rC-)
You float through the air rather than walking.
You learn spells naturally, not from books.
Your magical power is your life essence.
You have superior vitality. (+4 MHP)


Message History

The howler monkey hoots and howls with incredible vigour!
Casting: Passwall (safe; 1% risk of failure)
Confirm with . or Enter, or press ? or * to list all spells.
A cloud of volatile blastsparks flares up around you!
The white ugly thing closely misses you.
The white ugly thing attacks as you move away!
You block the white ugly thing's attack.
The cloud of blastsparks explodes!
The concussive blast engulfs the white ugly thing!
The white ugly thing is moderately wounded.
The concussive blast engulfs you but does no damage.
You resist.
You are knocked back by the blast.
Casting: Kindle Blastsparks (mildly dangerous; 3% risk of failure)
Confirm with . or Enter, or press ? or * to list all spells.
A cloud of volatile blastsparks flares up around you!
The cloud of blastsparks explodes!
The concussive blast engulfs the white ugly thing!!
The white ugly thing is severely wounded.
The concussive blast engulfs you but does no damage.
You resist.
Casting: Kindle Blastsparks (mildly dangerous; 3% risk of failure)
Confirm with . or Enter, or press ? or * to list all spells.
You don't know that spell.
Casting: Kindle Blastsparks (mildly dangerous; 3% risk of failure)
Confirm with . or Enter, or press ? or * to list all spells.
Aiming: Passwall (safe; 1% risk of failure)
Press: ? - help, Dir - move target A rock wall.
You feel a surge of power!
The white ugly thing claws you but does no damage.
You begin to meditate on the wall.
You continue meditating on the rock.
The white ugly thing claws you. The white ugly thing freezes you!!!
You feel a terrible chill!
Ouch! That really hurt!
The howler monkey hits you but does no damage.
You continue meditating on the rock.
You block the howler monkey's attack. The white ugly thing claws you.
The white ugly thing freezes you!!!
You feel a terrible chill!
Ouch! That really hurt!
You die...

#.......># #.# ##.....###
####.# ##.......##
##.##.#
##.........####...#.#
.'.........'........#
##.........####...#.#####
##.......## #.........#
##.....## #)###.###.#
##...## #.@...# #.# ##'##
#hu######.# #.#
#.........# ##.#####
##.######## #####......#
#.# ...##...##.# #..
.#.....<.#.# #...
...##...##.#####....
#####............##..


You could see a white ugly thing and a howler monkey.

Vanquished Creatures
  Pikel (D:6)
  A slime creature (D:8)
  15 yaks
  2 steam dragons
  3 black bears
  2 orc warriors (D:8)
  2 ogres (D:7)
  2 ice beasts (D:5)
  3 sky beasts
  3 centaurs
  2 phantoms (D:5)
  2 kobold brigands
  4 bullfrogs
  A gnoll sergeant (D:6)
  6 scorpions
  8 wights (D:7)
  2 necrophages (D:5)
  5 killer bees (D:7)
  3 howler monkeys (D:8)
  2 orc priests (D:8)
  4 hounds
  A gnoll bouda (D:5)
  Jessica (D:3)
  Terence (D:3)
  3 iguanas
  Natasha (thrice) (D:3)
  6 orc wizards
  14 gnolls
  8 adders
  3 ufetubi
  An orc zombie (D:5)
  A worm (D:2)
  6 dart slugs
  26 orcs
  5 ball pythons
  6 bats
  7 endoplasms
  7 giant cockroaches
  8 goblins
  8 hobgoblins
  2 jackals (D:1)
  25 kobolds
  3 quokkas
  2 frilled lizards
  3 rats
  A bush (D:7)
224 creatures vanquished.

Vanquished Creatures (collateral kills)
  A jelly (D:7)
  A kobold (D:7)
2 creatures vanquished.

Vanquished Creatures (others)
  A kobold brigand (D:7)
  2 orc zombies (D:5)
  A kobold zombie (D:7)
  654 foxfires
658 creatures vanquished.

Grand Total: 884 creatures vanquished

Notes
Turn   | Place    | Note
-------+----------+-------------------------------------------
     0 | D:1      | NinjaNoafa the Djinni Fire Elementalist began the quest for
                  | the Orb.
     0 | D:1      | NinjaNoafa set off with the following spells memorised:
                  | Foxfire, Scorch, Kindle Blastsparks, Inner Flame, Flame
                  | Wave.
     0 | D:1      | Reached XP level 1. HP: 15/15 MP: 0/0
    92 | D:1      | Reached XP level 2. HP: 11/22 MP: 0/0
   317 | D:1      | Reached skill level 1 in Fighting
   435 | D:1      | Reached XP level 3. HP: 26/27 MP: 0/0
   435 | D:1      | Learned a level 1 spell: Kiss of Death
   445 | D:1      | Found Upasor's Jewellery Shoppe.
  1092 | D:2      | Reached XP level 4. HP: 22/33 MP: 0/0
  1100 | D:2      | Reached skill level 2 in Fighting
  1744 | D:2      | Reached XP level 5. HP: 37/38 MP: 0/0
  1744 | D:2      | Learned a level 2 spell: Passwall
  1853 | D:3      | Identified the +1 hat of Love and Death {Dex+4}
  2050 | D:3      | Noticed Jessica
  2054 | D:3      | Killed Jessica
  2177 | D:3      | Found a blossoming altar of Fedhas.
  2429 | D:3      | Noticed Terence
  2441 | D:3      | Killed Terence
  2442 | D:3      | Reached XP level 6. HP: 15/45 MP: 0/0
  2762 | D:3      | Noticed Natasha
  2769 | D:3      | Killed Natasha
  2850 | D:3      | Noticed Natasha
  2856 | D:3      | Killed Natasha
  2857 | D:3      | Reached skill level 3 in Fighting
  3105 | D:3      | Noticed Natasha
  3114 | D:3      | Killed Natasha
  3311 | D:4      | Noticed a steam dragon
  3325 | D:4      | Killed a steam dragon
  3326 | D:4      | Reached XP level 7. HP: 31/50 MP: 0/0
  3326 | D:4      | Learned a level 3 spell: Gell's Gravitas
  3337 | D:4      | Reached skill level 5 in Spellcasting
  3622 | D:4      | Found a sacrificial altar of Ru.
  3685 | D:4      | Found a staircase to the Ecumenical Temple.
  3713 | Temple   | Entered the Ecumenical Temple
  3988 | Temple   | Became a worshipper of Makhleb the Destroyer
  4139 | D:4      | Reached skill level 4 in Fighting
  4331 | D:4      | Found an opulent altar of Gozag.
  4416 | D:4      | Found a hazy altar of Hepliaklqana.
  4497 | D:5      | Entered Level 5 of the Dungeon
  4507 | D:5      | Reached XP level 8. HP: 33/58 MP: 0/0
  4763 | D:5      | Reached skill level 5 in Fighting
  5197 | D:5      | Reached XP level 9. HP: 29/66 MP: 0/0
  5197 | D:5      | Learned a level 4 spell: Animate Dead
  5354 | D:5      | Reached skill level 6 in Fighting
  5529 | D:5      | Reached * piety under Makhleb
  5730 | D:5      | Reached skill level 7 in Fighting
  5730 | D:5      | Reached skill level 1 in Invocations
  5736 | D:5      | Reached skill level 1 in Evocations
  6084 | D:6      | Found Qakydudaca's Vocational Training.
  6243 | D:6      | Reached skill level 8 in Fighting
  6408 | D:6      | Noticed Pikel
  6413 | D:6      | Killed Pikel
  6414 | D:6      | Reached XP level 10. HP: 66/77 MP: 0/0
  6465 | D:6      | Found a shadowy altar of Dithmenos.
  7398 | D:7      | Reached skill level 5 in Invocations
  7400 | D:7      | Reached ** piety under Makhleb
  7599 | D:7      | Reached skill level 9 in Fighting
  7599 | D:7      | Reached skill level 5 in Evocations
  7676 | D:7      | Identified the +2 leather armour "Sovot" {rPois}
  7719 | D:7      | Reached skill level 1 in Shields
  7905 | D:7      | Found a bloodstained altar of Trog.
  8132 | D:7      | Found a broken altar of Ashenzari.
  8277 | D:7      | Found a stormy altar of Qazlal.
  8525 | D:7      | Found a shimmering altar of Xom.
  8525 | D:7      | Found a snail-covered altar of Cheibriados.
  8676 | D:8      | Found a runed translucent door.
  8677 | D:8      | Found a shimmering altar of Xom.
  8677 | D:8      | Noticed Hellmel's ghost (novice DsGl)
  8677 | D:8      | Noticed a +0 whip of chaos
  8791 | D:8      | Found a shimmering altar of Xom.
  8810 | D:8      | Reached skill level 5 in Shields
  9044 | D:8      | Reached XP level 11. HP: 62/84 MP: 0/0
  9044 | D:8      | Learned a level 4 spell: Manifold Assault
  9054 | D:8      | Reached *** piety under Makhleb
 10140 | D:8      | Noticed a white ugly thing
 10148 | D:8      | Demolished by a white ugly thing

Illustrated notes

Levels and vault maps discovered:
D:1:      elethiomel_arrival_shortcut, layout_loops_ring, serial_shops, shop
D:2:      layout_basic, basic_altar
D:3:      layout_basic, mainiacjoe_overflow_brackets, hex_tiny, uniq_terence,
          uniq_jessica, uniq_natasha
D:4:      layout_cave_pools, lemuel_round_altar,
          mainiacjoe_overflow_six_doors_small,
          worldfamousw_hep_ancestral_shrine, minmay_temple_entry_glass
D:5:      layout_loops_ring, amcnicky_mini_corridor_feature,
          hangedman_abyss_or_decor_lesser_grid, st_stairs_3
D:6:      layout_basic, led_sif_pool, nicolae_dithmenos_shadow_blocks,
          nicolae_shop_vocational, uniq_pikel
D:7:      layout_loops_ring, trog_ov_bears_minmay, lemuel_tele_altar,
          gammafunk_temple_overflow_statue, nicolae_ashenzari_skybound,
          chequers_garden
D:8:      layout_loops_corners, ebering_ghost_xom, minmay_liquid_box,
          hangedman_feature_mirror, kennysheep_another_room
Temple:   dpeg_chambers_temple

Skill      XL: |  1  2  3  4  5  6  7  8  9 10 11 |
---------------+----------------------------------+-----
Fighting       | 1 2 3 4 5 8 9 |  9.0
Spellcasting   | 3 4 5 7 |  7.0
Invocations    | 4 5 |  5.0
Evocations     | 3 5 |  5.0
Dodging        | 3 |  3.0
Shields        | 5 8 |  8.5
Stealth        | |  1.5

Action                   |  1- 3 |  4- 6 |  7- 9 | 10-12 || total
-------------------------+-------+-------+-------+-------++-------
Melee: Dagger            |     3 |       |       |       ||     3
       Staff             |       |       |     2 |     5 ||     7
 Cast: Foxfire           |    54 |   112 |   127 |   120 ||   413
       Scorch            |     9 |     8 |       |    13 ||    30
       Inner Flame       |     2 |    15 |    23 |    25 ||    65
       Kiss of Death     |     1 |       |       |       ||     1
       Passwall          |       |     5 |       |     2 ||     7
       Kindle Blastspark |       |     6 |    24 |    40 ||    70
       Gell's Gravitas   |       |       |    30 |     9 ||    39
       Flame Wave        |       |       |     1 |     4 ||     5
       Animate Dead      |       |       |     2 |     3 ||     5
Invok: Minor Destruction |       |       |       |    12 ||    12
Armor: Robe              |     5 |     4 |       |       ||     9
       Steam dragon scal |       |       |    22 |    17 ||    39
Dodge: Dodged            |    17 |    13 |    43 |    32 ||   105
Block: Kite shield       |       |       |       |    60 ||    60
       Reflection        |       |       |       |     9 ||     9
       Other             |       |       |       |     3 ||     3

Table legend: (Time is in decaauts)
 A = Elapsed time spent in this place.
 B = Non-inter-level travel time spent in this place.
 C = Inter-level travel time spent in this place.
 D = Time resting spent in this place.
 E = Time spent auto-exploring this place.
 F = Levels seen in this place.
 G = Mean time per level.
                   A        B        C        D        E       F      G
               +--------+--------+--------+--------+--------+-----+--------+
         Total |  10230 |   9715 |    515 |      0 |   8036 |   9 | 1136.7 |
       Dungeon |   9933 |   9485 |    448 |      0 |   7836 |   8 | 1241.6 |
        Temple |    296 |    229 |     67 |      0 |    200 |   1 |  296.0 |
               +--------+--------+--------+--------+--------+-----+--------+

Top non-repeatable levels by time:
     D:5: 1589 daAuts
     D:8: 1527 daAuts
     D:6: 1401 daAuts
     D:3: 1367 daAuts
     D:7: 1216 daAuts
     D:1: 1042 daAuts
     D:4: 925 daAuts
     D:2: 863 daAuts
  Temple: 296 daAuts
